 Dungeon Crawl Stone Soup version 0.18.1-48-g4cf74bf (webtiles) character file.

93 Wander the Ducker (level 4, -1/34 HPs)
             Began as a Demonspawn Gladiator on Sept 9, 2016.
             Slain by a gnoll shaman
             ... wielding a +0 whip
              (5 damage)
             ... on level 3 of the Dungeon.
             The game lasted 00:02:30 (1826 turns).

Wander the Ducker (Demonspawn Gladiator)            Turns: 1826, Time: 00:02:30

Health: -1/34      AC:  8    Str: 15    XL:     4   Next: 37%
Magic:  4/4        EV: 13    Int: 10    God:
Gold:   128        SH:  0    Dex: 14    Spells: 0 memorised, 3 levels left

rFire  . . .     SeeInvis .     a - +0 quarterstaff
rCold  . . .     Gourm    .     b - +0 leather armour
rNeg   + . .     Faith    .     (shield currently unavailable)
rPois  .         Spirit   .     (helmet restricted)
rElec  .         Dismiss  .     k - +0 cloak
rCorr  .         Reflect  .     (no gloves)
SustAt .         Harm     .     (no boots)
MR     .....                    (no amulet)
Stlth  +.........               (no ring)
                                g - ring of positive energy

@: not resistant to hostile enchantments, very unstealthy
A: horns 1, iridescent scales 1
a: no special abilities


You were on level 3 of the Dungeon.
You were not hungry.

You visited 1 branch of the dungeon, and saw 3 of its levels.

You collected 128 gold pieces.

Inventory:

Hand Weapons
 a - a +0 quarterstaff (weapon)
Missiles
 d - 3 throwing nets (quivered)
Armour
 b - a +0 leather armour (worn)
 c - a +0 helmet
 k - a +0 cloak (worn)
Jewellery
 g - a ring of positive energy (left hand)
 s - a cursed amulet of inaccuracy {unknown}
Wands
 t - a wand of random effects (30/48)
Scrolls
 e - a scroll of identify {unknown}
 h - a scroll of magic mapping {unknown}
 l - a scroll of random uselessness {unknown}
 n - 2 scrolls of remove curse {unknown}
 q - 2 scrolls of enchant armour {unknown}
Potions
 j - 2 potions of lignification {unknown}
 m - a potion of might {unknown}
 p - a potion of mutation {unknown}
 r - a potion of flight {unknown}
Comestibles
 f - a bread ration
 i - 4 meat rations
 o - a beef jerky
 u - 2 chunks of flesh


   Skills:
 + Level 2.3 Fighting
 + Level 3.1 Staves
 + Level 1.8 Throwing
 + Level 1.6 Armour
 + Level 3.6 Dodging
 + Level 0.8 Stealth


You had 3 spell levels left.
You didn't know any spells.

Dungeon Overview and Level Annotations

Branches:
Dungeon (3/15)

Altars:
Pakellas
Qazlal
Xom


Innate Abilities, Weirdness & Mutations

You have a pair of small horns on your head.
You are partially covered in iridescent scales (AC +4).


Message History

The gnoll shaman is lightly wounded.
The gnoll hits you but does no damage.
The gnoll shaman mumbles some strange prayers to its god against you.
You resist with some effort.
You hit the gnoll shaman but do no damage.
The gnoll shaman is lightly wounded.
The gnoll closely misses you. The gnoll hits you but does no damage.
The gnoll shaman hits you with a whip.
You hit the gnoll shaman.
The gnoll shaman is lightly wounded.
The gnoll hits you but does no damage. The gnoll shaman hits you with a whip.
* * * LOW HITPOINT WARNING * * *
The gnoll hits you from afar with a spear.
* * * LOW HITPOINT WARNING * * *
You hit the gnoll shaman. You headbutt the gnoll shaman.
The gnoll shaman is heavily wounded.
The gnoll hits you from afar with a spear.
* * * LOW HITPOINT WARNING * * *
The gnoll shaman hits you with a whip.
You die...

#.############....)............##
#...............######..........(
#..#>#.#######.## #.##..#####.
#..............# #.##..# #.
##.#.#.######### #.##..# #.
#.....# #.##..#####. ###.###
##.##........ #.#
############...##.###### #.#
#.ggggg@........#.###### #.#
#.########..............
#.......####### #......[#
##.....## ##...## #####


You could see a gnoll shaman and 4 gnolls.

Vanquished Creatures
  Jessica (D:3)
  A gnoll (D:3)
  2 adders (D:2)
  2 dart slugs (D:1)
  A giant gecko (D:1)
  4 bats
  6 goblins
  5 hobgoblins (D:1)
  4 jackals (D:1)
  A ball python (D:2)
  A giant newt (D:2)
  3 kobolds
  3 rats
34 creatures vanquished.

Notes
Turn   | Place    | Note
--------------------------------------------------------------
     0 | D:1      | Wander the Demonspawn Gladiator began the quest for the Orb.
     0 | D:1      | Reached XP level 1. HP: 16/16 MP: 1/1
   120 | D:1      | Gained mutation: You have a pair of small horns on your head. [demonic ancestry]
   120 | D:1      | Reached XP level 2. HP: 18/22 MP: 2/2
  1033 | D:2      | Gained mutation: You are partially covered in iridescent scales (AC +4). [demonic ancestry]
  1033 | D:2      | Reached XP level 3. HP: 20/27 MP: 3/3
  1234 | D:2      | Reached skill level 1 in Armour
  1285 | D:2      | Found a stormy altar of Qazlal.
  1424 | D:2      | Found an oddly glowing altar of Pakellas.
  1592 | D:2      | Found a shimmering altar of Xom.
  1759 | D:3      | Noticed Jessica
  1782 | D:3      | Killed Jessica
  1782 | D:3      | Reached XP level 4. HP: 28/34 MP: 4/4
  1826 | D:3      | Slain by a gnoll shaman

Skill      XL: |  1  2  3 |
---------------+----------+-----
Dodging        | 3 |  3.6
Armour         | 1 |  1.6
Staves         | 3 |  3.1
Fighting       | |  2.3
Throwing       | |  1.8
Stealth        | |  0.8

Action                   |  1- 3 |  4- 6 || total
-------------------------+-------+-------++-------
Melee: Quarterstaff      |   101 |     9 ||   110
       Headbutt          |     6 |     2 ||     8
 Stab: Sleeping          |     2 |       ||     2
  Eat: Chunk             |     2 |     1 ||     3
Armor: Leather armour    |    23 |     3 ||    26
Dodge: Dodged            |    89 |    10 ||    99
